 Dungeon Crawl Stone Soup version 0.31.0-9-g3a7656b989 (webtiles) character file.

Game seed: 15773895565632964437

381 qw the Skirmisher (level 6, -3/35 HPs)
             Began as a Deep Elf Hunter on Feb 2, 2024.
             Incinerated by a bombardier beetle (4 damage)
             ... with a burning spray
             ... on level 4 of the Dungeon.
             The game lasted 00:00:11 (2283 turns).

qw the Skirmisher (Deep Elf Hunter)                 Turns: 2283, Time: 00:00:12

Health: -3/35      AC: 10    Str: 10    XL:     6   Next: 46%
Magic:  8/8        EV: 11    Int: 14    God:
Gold:   207        SH:  0    Dex: 18    Spells: 5/5 levels left

rFire   . . .        a - +0 shortbow
rCold   + . .        (shield currently unavailable)
rNeg    . . .        f - +0 ring mail {rC+}
rPois   .            b - +0 helmet
rElec   .            (no cloak)
rCorr   .            (no gloves)
SInv    .            (no boots)
Will    .....        (no amulet)
Stlth   +            i - +4 ring of protection
HPRegen 0.25/turn    (no ring)
MPRegen 0.11/turn

%: no passive effects
@: on fire, glowing
A: no striking features
a: no special abilities


You were on level 4 of the Dungeon.
You visited 1 branch of the dungeon, and saw 4 of its levels.

You collected 207 gold pieces.


   Skills:
 - Level 2.0 Fighting
 - Level 10.1 Ranged Weapons
 + Level 2.4 Dodging
 - Level 1.2 Stealth


You had 5 spell levels left.
You didn't know any spells.
Your spell library was empty.

Inventory:

Hand Weapons
 a - a +0 shortbow (weapon)
Armour
 b - a +0 helmet (worn)
 f - a +0 ring mail of cold resistance (worn)
Jewellery
 i - a +4 ring of protection (left hand)
Scrolls
 g - a scroll of teleportation
Potions
 c - a potion of might {unknown}
 d - a potion of heal wounds

Dungeon Overview and Level Annotations

Branches:
Dungeon (4/15)
 Temple: D:4-7

Altars:


Message History

The arrow barely misses the bombardier beetle.
You shoot an arrow.
The arrow barely misses the bombardier beetle.
You shoot an arrow.
The arrow barely misses the bombardier beetle.
The bombardier beetle sprays incendiary fluid at you.
The burning spray hits you.
You are covered in liquid fire!
You shoot an arrow. The arrow hits the bombardier beetle.
The bombardier beetle is moderately wounded.
The liquid fire burns you!
You shoot an arrow.
The arrow hits the bombardier beetle but does no damage.
The bombardier beetle is moderately wounded.
The liquid fire burns you!
You shoot an arrow. The arrow hits the bombardier beetle.
The bombardier beetle is severely wounded.
The liquid fire burns you!
The bombardier beetle sprays incendiary fluid at you.
The burning spray hits you.
You are even more covered in liquid fire!
You shoot an arrow. The arrow hits the bombardier beetle.
The bombardier beetle is almost dead.
The liquid fire burns you!
The bombardier beetle bites you but does no damage.
You shoot an arrow. The arrow hits the bombardier beetle!
You kill the bombardier beetle!
The liquid fire burns you!
Your Ranged Weapons skill increases to level 10!
You are on fire!
The liquid fire burns you!
You are on fire!
The liquid fire burns you!
You are on fire!
The liquid fire burns you!
You are on fire!
The liquid fire burns you!
You are on fire!
The liquid fire burns you!
You die...

...#.######.# #.#
...#.# #.###.#$#
! ...#.#
#...#.#.# .#
...#.# ###.#.#.#
#.# ...
#.#.#.##..
######.#.#....
+........#..#####
######...#%......
###.@.# #.>##
##.# #.# #.# #.#
#.# #.#


There were no monsters in sight!

Vanquished Creatures
  2 scorpions (D:4)
  A bombardier beetle (D:4)
  2 hounds (D:4)
  2 sleepcaps (D:4)
  5 adders
  A ribbon worm (D:2)
  An orc (D:4)
  10 bats
  4 endoplasms
  A giant cockroach (D:1)
  10 goblins
  5 hobgoblins
  4 jackals (D:1)
  9 kobolds
  4 quokkas
  3 ball pythons
  3 frilled lizards
  5 rats
72 creatures vanquished.

Notes
Turn   | Place    | Note
-------+----------+-------------------------------------------
     0 | D:1      | qw the Deep Elf Hunter began the quest for the Orb.
     0 | D:1      | Reached XP level 1. HP: 12/12 MP: 3/3
     0 | D:1      | 0 ||| qw: Version: 0.3-a-155-g5e7d8dd
     0 | D:1      | 0 ||| qw: Game counter: 2853
     0 | D:1      | 0 ||| qw: Melee chars always use a shield: true
     0 | D:1      | 0 ||| qw: God list: Okawaru
     0 | D:1      | 0 ||| qw: Allow faded altars: false
     0 | D:1      | 0 ||| qw: Do Orc after clearing Dungeon:15 true
     0 | D:1      | 0 ||| qw: Do second Lair branch before Depths: true
     0 | D:1      | 0 ||| qw: Lair rune preference: random
     0 | D:1      | 0 ||| qw: Goals: Normal
     0 | D:1      | 0 ||| PLANNING D:1-11
   124 | D:1      | Reached skill level 6 in Ranged Weapons
   124 | D:1      | Reached XP level 2. HP: 16/16 MP: 4/4
   649 | D:1      | 649 ||| UPGRADING to +0 ring mail.
   659 | D:1      | 659 ||| DROPPING +0 leather armour.
   660 | D:1      | 660 ||| UPGRADING to +0 ring mail of cold resistance.
   670 | D:1      | 670 ||| DROPPING +0 ring mail.
   671 | D:1      | 671 ||| READING 3 scrolls labelled TUSEPS ZELET.
   671 | D:1      | 671 ||| IDENTIFYING viscous white potion
   672 | D:1      | 672 ||| READING 2 scrolls of identify.
   672 | D:1      | 672 ||| IDENTIFYING scroll labelled GUISHUODD
   673 | D:1      | 673 ||| DROPPING scroll of butterflies.
   674 | D:1      | 674 ||| DROPPING potion of ambrosia.
   690 | D:2      | 690 ||| STAIRDANCE
   784 | D:2      | Reached XP level 3. HP: 20/20 MP: 5/5
  1048 | D:2      | Reached skill level 7 in Ranged Weapons
  1145 | D:2      | Found a faded altar of an unknown god.
  1359 | D:2      | 1359 ||| UPGRADING to +4 ring of protection.
  1360 | D:2      | 1360 ||| READING 4 scrolls of identify.
  1360 | D:2      | 1360 ||| IDENTIFYING white potion
  1361 | D:2      | 1361 ||| READING 3 scrolls of identify.
  1361 | D:2      | 1361 ||| IDENTIFYING orange potion
  1362 | D:2      | 1362 ||| READING 2 scrolls of identify.
  1362 | D:2      | 1362 ||| IDENTIFYING scroll labelled JODGHY ZAOGA
  1363 | D:2      | 1363 ||| READING scroll of identify.
  1363 | D:2      | 1363 ||| IDENTIFYING scroll labelled ZOTYRO XASY
  1364 | D:2      | 1364 ||| DROPPING scroll of silence.
  1365 | D:2      | 1365 ||| DROPPING potion of degeneration.
  1366 | D:2      | 1366 ||| DROPPING scroll of immolation.
  1493 | D:3      | Reached XP level 4. HP: 21/25 MP: 6/6
  1796 | D:3      | 1796 ||| UPGRADING to +0 helmet.
  1801 | D:3      | 1801 ||| READING scroll of identify.
  1801 | D:3      | 1801 ||| IDENTIFYING scroll labelled TUBATI KAIST
  1802 | D:3      | 1802 ||| DROPPING scroll of blinking.
  1805 | D:4      | Noticed a scorpion
  1809 | D:4      | HP: 6/25 [poisoned by a scorpion]
  1810 | D:4      | 1810 ||| READING 2 scrolls of teleportation.
  1811 | D:4      | 1811 ||| DRINKING potion of heal wounds.
  1813 | D:4      | Killed a scorpion
  1814 | D:4      | Reached skill level 8 in Ranged Weapons
  1814 | D:4      | Reached XP level 5. HP: 19/29 MP: 7/7
  1891 | D:4      | Reached skill level 9 in Ranged Weapons
  1991 | D:4      | Reached XP level 6. HP: 22/35 MP: 8/8
  2038 | D:4      | 2038 ||| FLEEEEING.
  2039 | D:4      | 2039 ||| FLEEEEING.
  2042 | D:4      | 2042 ||| FLEEEEING.
  2043 | D:4      | 2043 ||| FLEEEEING.
  2044 | D:4      | 2044 ||| FLEEEEING.
  2045 | D:4      | 2045 ||| FLEEEEING.
  2046 | D:4      | 2046 ||| FLEEEEING.
  2047 | D:4      | 2047 ||| FLEEEEING.
  2048 | D:4      | 2048 ||| FLEEEEING.
  2049 | D:4      | 2049 ||| FLEEEEING.
  2050 | D:4      | 2050 ||| FLEEEEING.
  2051 | D:4      | 2051 ||| FLEEEEING.
  2052 | D:4      | 2052 ||| FLEEEEING.
  2053 | D:4      | 2053 ||| FLEEEEING.
  2054 | D:4      | 2054 ||| FLEEEEING.
  2055 | D:4      | 2055 ||| FLEEEEING.
  2056 | D:4      | 2056 ||| FLEEEEING.
  2057 | D:4      | 2057 ||| FLEEEEING.
  2058 | D:4      | 2058 ||| FLEEEEING.
  2059 | D:4      | 2059 ||| FLEEEEING.
  2060 | D:4      | 2060 ||| FLEEEEING.
  2061 | D:4      | 2061 ||| FLEEEEING.
  2062 | D:4      | 2062 ||| FLEEEEING.
  2063 | D:4      | 2063 ||| FLEEEEING.
  2064 | D:4      | 2064 ||| FLEEEEING.
  2065 | D:4      | 2065 ||| FLEEEEING.
  2066 | D:4      | 2066 ||| FLEEEEING.
  2067 | D:4      | 2067 ||| FLEEEEING.
  2068 | D:4      | 2068 ||| FLEEEEING.
  2069 | D:4      | 2069 ||| FLEEEEING.
  2070 | D:4      | 2070 ||| FLEEEEING.
  2071 | D:4      | 2071 ||| FLEEEEING.
  2072 | D:4      | 2072 ||| FLEEEEING.
  2073 | D:4      | 2073 ||| FLEEEEING.
  2074 | D:4      | 2074 ||| FLEEEEING.
  2075 | D:4      | 2075 ||| FLEEEEING.
  2076 | D:4      | 2076 ||| FLEEEEING.
  2077 | D:4      | 2077 ||| FLEEEEING.
  2078 | D:4      | 2078 ||| FLEEEEING.
  2079 | D:4      | 2079 ||| FLEEEEING.
  2080 | D:4      | 2080 ||| FLEEEEING.
  2081 | D:4      | 2081 ||| STAIRDANCE
  2279 | D:4      | Reached skill level 10 in Ranged Weapons
  2280 | D:4      | HP: 8/35 [burnt (5)]
  2282 | D:4      | HP: 1/35 [burnt (3)]
  2283 | D:4      | Incinerated by a bombardier beetle

Levels and vault maps discovered:
D:1:      psy_arrival_terrarium, layout_basic, minmay_tetromino_s2
D:2:      layout_basic, hellmonk_ecumenical_altar_leap_of_faith
D:3:      layout_rooms
D:4:      layout_basic, grunt_ministairs_2, uniq_sigmund,
          uniq_crazy_yiuf_cottage

Skill      XL: |  1  2  3  4  5  6 |
---------------+-------------------+-----
Ranged Weapons | 6 7 8 9 10 | 10.1
Fighting       | 2 |  2.0
Dodging        | |  2.4
Stealth        | |  1.2

Action                     |  1- 3 |  4- 6 || total
---------------------------+-------+-------++-------
   Fire: Shortbow          |   105 |   125 ||   230
    Use: Scroll            |     6 |     2 ||     8
         Potion            |       |     1 ||     1
 Armour: Leather armour    |     7 |       ||     7
         Ring mail         |    24 |    41 ||    65
  Dodge: Dodged            |    19 |    60 ||    79

Table legend:
 A = Non-vault XP
 B = Vault XP
 C = Vault XP percentage of total XP
 D = Non-vault monster count
 E = Vault monster count
 F = Vault count percentage of total count
                 A         B        C        D         E       F
            +---------+---------+-------+---------+---------+-------
      Total |     537 |       8 |   1.5 |      68 |       4 |   5.6
            +---------+---------+-------+---------+---------+-------
        D:1 |      33 |       4 |  10.8 |      20 |       2 |   9.1
        D:2 |      40 |       0 |   0.0 |      16 |       0 |   0.0
        D:3 |      72 |       0 |   0.0 |      17 |       0 |   0.0
        D:4 |     392 |       4 |   1.0 |      15 |       2 |  11.8
            +---------+---------+-------+---------+---------+-------
